 Dungeon Crawl Stone Soup version 0.23.1-38-g628c18f423 (webtiles) character file.

Game seed: 13397764605300119822

81 PentaManta the Poker (level 4, -1/37 HPs)
             Began as a Merfolk Berserker on Mar 29, 2019.
             Was a Believer of Trog.
             Slain by an orc (3 damage)
             ... on level 3 of the Dungeon.
             The game lasted 00:02:35 (1558 turns).

PentaManta the Poker (Merfolk Berserker)            Turns: 1558, Time: 00:02:37

Health: -1/37      AC:  5    Str: 18    XL:     4   Next: 42%
Magic:  4/4        EV: 14    Int:  6    God:    Trog [**....]
Gold:   80         SH:  0    Dex: 13    Spells: 3/3 levels left

rFire    . . .     SeeInvis .   d - -2 spear (curse)
rCold    . . .     Gourm    .   (no shield)
rNeg     . . .     Faith    .   b - +0 animal skin
rPois    .         Spirit   .   (no helmet)
rElec    .         Reflect  .   (no cloak)
rCorr    .         Harm     .   i - +2 pair of gloves
MR       ++...                  (no boots)
Stlth    +.........             (no amulet)
HPRegen  1.12/turn              (no ring)
MPRegen  0.09/turn              (no ring)

@: berserk cooldown, regenerating, slowed, very slow
A: change form in water, swift swim, stealthy swim
a: Berserk, Trog's Hand, Renounce Religion


You were on level 3 of the Dungeon.
You worshipped Trog.
Trog was pleased with you.
You were very hungry.

You visited 1 branch of the dungeon, and saw 3 of its levels.

You collected 80 gold pieces.

Inventory:

Hand Weapons
 a - a +0 spear
 d - a cursed -2 spear (weapon)
Armour
 b - a +0 animal skin (worn)
 i - a +2 pair of gloves (worn)
Jewellery
 e - an uncursed ring of positive energy {unknown}
 f - an uncursed ring of ice {unknown}
Scrolls
 g - a scroll of teleportation {unknown}
 k - 6 scrolls of identify {unknown}
 l - a scroll of enchant armour {unknown}
 m - 2 scrolls of random uselessness {unknown}
 n - 2 scrolls of remove curse {unknown}
 p - a scroll of magic mapping {unknown}
 r - a scroll of amnesia {unknown}
Potions
 h - a potion of might {unknown}
 j - 2 potions of mutation {unknown}
 o - a potion of magic {unknown}
 q - a potion of curing {unknown}
Comestibles
 c - 5 rations


   Skills:
 + Level 4.2 Fighting
 + Level 5.5 Polearms
 - Level 1.3 Armour
 + Level 4.0 Dodging


You had 3 spell levels left.
You didn't know any spells.
Your spell library was empty.

Dungeon Overview and Level Annotations

Branches:
Dungeon (3/15)

Altars:
Gozag


Message History

The orc closely misses you.
You puncture the orc!
You kill the orc!
Trog accepts your kill.
You are no longer berserk.
You are exhausted.
You feel yourself slow down. The hobgoblin hits you with a +0 club.
* * * LOW HITPOINT WARNING * * *
The orc barely misses you.
There is a stone staircase leading up here.
Things that are here:
a +0 falchion; a +0 leather armour Your skin crawls.
You feel resistant to hostile enchantments.
You feel somewhat more hungry. The orc hits you with a +0 club.
* * * LOW HITPOINT WARNING * * *
The hobgoblin hits you with a +0 club.
* * * LOW HITPOINT WARNING * * *
The orc hits you.
You die...

..##.. ..#...
......
########......
##.....#.......
##..)..>........
#.....)@o.......
#......go.......
#........)......
#...............
#........)......
##.............#
##....(......##
###....#..###
#..%....#


You could see 2 orcs and a hobgoblin.

Vanquished Creatures
  3 adders (D:2)
  A leopard gecko (D:3)
  4 orcs (D:3)
  4 giant cockroaches
  10 goblins
  4 hobgoblins
  3 jackals (D:2)
  4 bats
  3 frilled lizards
  9 kobolds
  A rat (D:2)
46 creatures vanquished.

Notes
Turn   | Place    | Note
-------+----------+-------------------------------------------
     0 | D:1      | PentaManta the Merfolk Berserker began the quest for the
                  | Orb.
     0 | D:1      | Reached XP level 1. HP: 18/18 MP: 1/1
   183 | D:1      | Reached XP level 2. HP: 19/24 MP: 2/2
   780 | D:2      | Reached XP level 3. HP: 24/30 MP: 3/3
   852 | D:2      | Reached skill level 5 in Polearms
  1229 | D:2      | Reached XP level 4. HP: 28/37 MP: 4/4
  1262 | D:2      | Found an opulent altar of Gozag.
  1505 | D:2      | Reached ** piety under Trog
  1558 | D:3      | Slain by an orc

Skill      XL: |  1  2  3  4 |
---------------+-------------+-----
Dodging        | 3 4 |  4.0
Polearms       | 5 |  5.5
Fighting       | 4 |  4.2
Armour         | |  1.3

Action                   |  1- 3 |  4- 6 || total
-------------------------+-------+-------++-------
Melee: Spear             |   187 |    29 ||   216
Invok: Berserk           |       |     1 ||     1
       Trog's Hand       |       |     1 ||     1
  Use: Potion            |     1 |       ||     1
 Stab: Sleeping          |     4 |     1 ||     5
  Eat: Chunk             |       |     2 ||     2
Armor: Animal skin       |    29 |     9 ||    38
Dodge: Dodged            |   120 |    26 ||   146
